AoeStats
← rocko8921

Arabia

510638440Analyzed
1v1 RM · 14h ago on Oct 1, 2026· 23m 54s· 2 players
Game mode
Random Map
Map size
Tiny (2 player)
Population
200
Speed
Normal
Resources
Standard
Victory
Conquest
Starting age
Dark Age
Ending age
Imperial Age
RankedLock teamsTeams togetherTeam positionsShared explorationLock speedFull tech treeHidden civsTurbo modeCheats
Victory
Defeat
🇺🇸 Maya · United States
603
+15
🇲🇽 Aztecs · Mexico
585
-15
rocko8921
0:41 Loom
12:39 Feudal Age
13:34 Horse Collar
13:42 Double-Bit Axe
16:07 Arson
18:25 Scale Mail Armor
18:16 Fletching
19:59 Gold Mining
21:05 Forging
21:33 Padded Archer Armor
Cabito town
0:31 Loom
11:13 Feudal Age
12:31 Wheelbarrow
11:57 Double-Bit Axe
11:56 Horse Collar
17:12 Forging
22:19 Castle Age
20:41 Scale Mail Armor
20:45 Arson
22:24 Eagle Warrior
23:07 Squires
24:06 Hand Cart
23:37 Town Watch
25:03 Iron Casting
Connection lost

Rejoining the realm…

Still unreachable

The connection could not be restored.

Session expired

The server has moved on; the page needs a fresh start.